 Dungeon Crawl Stone Soup version 0.31-a0-187-gba352fbbf7 (webtiles) character file.

Game seed: 1224835523777611680

18 qw the Shooter (level 2, 0/16 HPs)
             Began as a Deep Elf Hunter on June 22, 2023.
             Slain by a ball python (3 damage)
             ... on level 1 of the Dungeon.
             The game lasted 00:00:07 (132 turns).

qw the Shooter (Deep Elf Hunter)                     Turns: 132, Time: 00:00:08

Health: 0/16       AC:  3    Str:  8    XL:     2   Next: 48%
Magic:  4/4        EV:  9    Int: 13    God:
Gold:   12         SH:  0    Dex: 18    Spells: 1/1 levels left

rFire   . . .        a - +0 shortbow
rCold   . . .        (shield currently unavailable)
rNeg    . . .        c - +0 leather armour
rPois   .            (no helmet)
rElec   .            (no cloak)
rCorr   .            (no gloves)
SInv    .            (no boots)
Will    .....        (no amulet)
Stlth   ++           (no ring)
HPRegen 0.22/turn    (no ring)
MPRegen 0.09/turn

%: no passive effects
@: constricted
A: no striking features
a: no special abilities


You were on level 1 of the Dungeon.
You visited 1 branch of the dungeon, and saw 1 of its levels.

You collected 12 gold pieces.


   Skills:
 - Level 1.5 Fighting
 + Level 6.3 Ranged Weapons
 - Level 2.4 Dodging
 - Level 1.2 Stealth


You had one spell level left.
You didn't know any spells.
Your spell library was empty.

Inventory:

Hand Weapons
 a - a +0 shortbow (weapon)
Armour
 c - a +0 leather armour (worn)
 g - a +0 ring mail
Jewellery
 i - a ring of protection from cold
 j - a ring of protection from fire
Scrolls
 b - a scroll of butterflies
 d - a scroll of torment {unknown}
 e - a scroll of immolation {unknown}
Potions
 f - a potion of ambrosia {unknown}
 h - 2 potions of magic {unknown}

Dungeon Overview and Level Annotations

Branches:
Dungeon (1/15)

Altars:


Message History

The ball python hisses angrily.
You shoot an arrow. The arrow hits the jackal.
The jackal is severely wounded.
You shoot an arrow. The arrow hits the jackal!
You kill the jackal!
A kobold comes into view. It is wielding a +0 short sword.
You shoot an arrow. The arrow closely misses the jackal.
The arrow barely misses the rat.
The arrow barely misses the ball python.
The kobold shouts!
You hear a shout!
The jackal bites you but does no damage.
A hobgoblin comes into view.
You shoot an arrow. The arrow hits the jackal!
You kill the jackal!
The ball python closely misses you. The ball python barely misses you.
You shoot an arrow.
The arrow closely misses the ball python.
The ball python completely misses you. The ball python grabs you.
The ball python constricts you. The rat barely misses you.
The ball python closely misses you. The ball python constricts you.
You shoot an arrow.
The arrow completely misses the ball python.
The rat bites you but does no damage. The ball python bites you.
The ball python constricts you. The ball python barely misses you.
The rat barely misses you.
You shoot an arrow. The arrow hits the ball python.
The ball python is moderately wounded.
The ball python bites you. The ball python constricts you.
The ball python bites you but does no damage.
The rat bites you. The ball python closely misses you.
The ball python constricts you. The ball python bites you.
You shoot an arrow. The arrow hits the ball python!
You kill the ball python!
The ball python closely misses you. The ball python grabs you.
The ball python constricts you. The rat bites you.
You shoot an arrow. The arrow hits the ball python.
The ball python is moderately wounded.
The ball python bites you.
You die...

~~~¤..~.####
......~......
....#.
~.....~.....#
......
~~~¤¤¤¤..#...
#.....
...........##
....% ....###.####
$..# . ...## .[#
##K..# .. ...#
#...#####Srg.#..#
...#
##......@##.....
...#
#####$..%......
...# ####.........
...#
######.....##...##
#### #).......#.#
.....
###.......#..#
..##
.........#...# >..
##.........## ...
#...(..##.#


You could see a hobgoblin, a ball python, a kobold and a rat.

Vanquished Creatures
  2 ball pythons (D:1)
  An endoplasm (D:1)
  A giant cockroach (D:1)
  A goblin (D:1)
  2 hobgoblins (D:1)
  4 jackals (D:1)
  A quokka (D:1)
  A frilled lizard (D:1)
  2 rats (D:1)
15 creatures vanquished.

Notes
Turn   | Place    | Note
-------+----------+-------------------------------------------
     0 | D:1      | qw the Deep Elf Hunter began the quest for the Orb.
     0 | D:1      | Reached XP level 1. HP: 12/12 MP: 3/3
     0 | D:1      | 0 ||| qw: Version: 0.3-a-9-g12657ce
     0 | D:1      | 0 ||| qw: Game counter: 2341
     0 | D:1      | 0 ||| qw: Always use a shield: true
     0 | D:1      | 0 ||| qw: God list: Okawaru
     0 | D:1      | 0 ||| qw: Allow faded altars: false
     0 | D:1      | 0 ||| qw: Do Orc after D:15 true
     0 | D:1      | 0 ||| qw: Do second Lair branch before Depths: true
     0 | D:1      | 0 ||| qw: Lair rune preference: random
     0 | D:1      | 0 ||| qw: Plans: Normal
     0 | D:1      | 0 ||| PLANNING D:1-11
    77 | D:1      | Reached skill level 6 in Ranged Weapons
    77 | D:1      | Reached XP level 2. HP: 11/16 MP: 4/4
   131 | D:1      | HP: 3/16 [rat (2)]
   132 | D:1      | Slain by a ball python

Levels and vault maps discovered:
D:1:      ebering_trefoil_twist, layout_rooms

Skill      XL: |  1 |
---------------+----+-----
Ranged Weapons | 6 |  6.3
Fighting       | |  1.5
Dodging        | |  2.4
Stealth        | |  1.2

Action                     || total
---------------------------++-------
   Fire: Shortbow          ||    45
 Armour: Leather armour    ||     9
  Dodge: Dodged            ||    21

Table legend:
 A = Non-vault XP
 B = Vault XP
 C = Vault XP percentage of total XP
 D = Non-vault monster count
 E = Vault monster count
 F = Vault count percentage of total count
                 A         B        C        D         E       F
            +---------+---------+-------+---------+---------+-------
      Total |      26 |       0 |   0.0 |      15 |       0 |   0.0
            +---------+---------+-------+---------+---------+-------
        D:1 |      26 |       0 |   0.0 |      15 |       0 |   0.0
            +---------+---------+-------+---------+---------+-------
